 Dungeon Crawl Stone Soup version 0.30-a0-627-gc11e7ae810 (console) character file.

Game seed: 9383462416927147594

10 Ignak the Sneak (level 2, -1/18 HPs)
             Began as an Octopode Enchanter on Jan 12, 2023.
             Slain by a quokka (3 damage)
             ... on level 1 of the Dungeon.
             The game lasted 00:00:28 (151 turns).

Ignak the Sneak (Octopode Enchanter)                 Turns: 151, Time: 00:00:29

Health: -1/18      AC:  1    Str:  7    XL:     2   Next: 20%
Magic:  5/5        EV: 13    Int: 17    God:
Gold:   13         SH:  0    Dex: 12    Spells: 5/5 levels left

rFire   . . .      SeeInvis .    a - +1 dagger
rCold   . . .      Faith    .    (no shield)
rNeg    . . .      Spirit   .    (helmet restricted)
rPois   .          Reflect  .    (no amulet)
rElec   .          Harm     .    (no ring)
rCorr   .          Rampage  .    (no ring)
Will    .....                    (no ring)
Stlth   +++                      (no ring)
HPRegen 0.23/turn                (no ring)
MPRegen 0.09/turn                (no ring)
                                 (no ring)
                                 (no ring)

@: no status effects
A: almost no armour, amphibious, 8 rings, camouflage 1, gelatinous body 1,
(nimble swimmer 1), tentacles
a: no special abilities


You were on level 1 of the Dungeon.
You visited 1 branch of the dungeon, and saw 1 of its levels.

You collected 13 gold pieces.

Inventory:

Hand Weapons
 a - a +1 dagger (weapon)
Scrolls
 c - a scroll of identify {unknown}
 d - a scroll of poison {unknown}
 e - a scroll of acquirement {unknown}
Potions
 b - 2 potions of invisibility
 f - a potion of curing {unknown}


   Skills:
 + Level 0.4 Fighting
 + Level 1.1 Short Blades
 + Level 2.0 Dodging
 + Level 4.2 Stealth
 + Level 0.4 Unarmed Combat
 + Level 2.0 Spellcasting
 + Level 3.0 Hexes


You had 5 spell levels left.
You didn't know any spells.
Your spell library contained the following spells:

 Spells                   Type           Power      Damage    Failure   Level
 Ensorcelled Hibernation  Hex/Ice        12%        N/A       16%         2
 Confusing Touch          Hex            12%        N/A       16%         3
 Tukima's Dance           Hex            12%        N/A       16%         3
 Dazzling Flash           Conj/Hex       12%        N/A       30%         3
 Inner Flame              Hex/Fire       6%         N/A       30%         3
 Flame Wave               Conj/Fire      1%         2d4       88%         4
 Sticky Flame             Conj/Fire      1%         2d3       88%         4


Dungeon Overview and Level Annotations

Branches:
Dungeon (1/15)

Altars:


Innate Abilities, Weirdness & Mutations

You cannot wear most types of armour.
You are amphibious.
You can wear up to eight rings at the same time.
Your skin changes colour to match your surroundings (Stealth+).
Your rubbery body absorbs attacks. (AC +1, EV +1)
((You are camouflaged when in or above water. (Stealth+)))
You have tentacles for arms and can constrict up to eight enemies at once.


Message History

You hit the frilled lizard.
You kill the frilled lizard!
The dart slug launches a dart at you. The slug dart misses you.
You hit the dart slug. You grab the dart slug. You squeeze the dart slug!
The dart slug is almost dead.
You constrict the dart slug.
You kill the dart slug!
You have reached level 2!
A hobgoblin comes into view.
Found 3 gold pieces.
The helpless hobgoblin fails to defend itself.
You puncture the hobgoblin!
You kill the hobgoblin!
You see here a hobgoblin corpse.
The hobgoblin shouts!
A quokka comes into view.
The hobgoblin misses you.
You barely miss the hobgoblin. Your grab misses the hobgoblin.
The hobgoblin completely misses you.
You hit the hobgoblin. Your grab misses the hobgoblin.
The hobgoblin is almost dead.
The hobgoblin completely misses you. The quokka bites you.
You hit the hobgoblin.
You kill the hobgoblin!
The quokka barely misses you. The quokka bites you.
You see here a hobgoblin corpse.
You barely miss the quokka. Your grab misses the quokka. The quokka bites you.
You completely miss the quokka. Your grab misses the quokka.
The quokka twitches its whiskers.
The quokka bites you.
* * * LOW HITPOINT WARNING * * *
You closely miss the quokka. You grab the quokka. You constrict the quokka.
The quokka bites you.
* * * LOW HITPOINT WARNING * * *
You hit the quokka.
The quokka is heavily wounded.
You constrict the quokka. The quokka bites you.
You die...

#.........#
#..[......###
#####.#####.#
#......†# ###.
#######.# ##...
#.# #...# #.#
###...###########
#.#
#..........@....#
#.#
#......†...r$...#
#.#
#.......#######.#
#.# ###...### #
#.# #...# #.#
##.## #### ##.##
#.# #.. #...#
##.## #.# ##.##
..###...###.##
#.#


You could see a quokka.

Vanquished Creatures
  A dart slug (D:1)
  2 ball pythons (D:1)
  2 hobgoblins (D:1)
  A kobold (D:1)
  A frilled lizard (D:1)
  A rat (D:1)
8 creatures vanquished.

Notes
Turn   | Place    | Note
-------+----------+-------------------------------------------
     0 | D:1      | Ignak the Octopode Enchanter began the quest for the Orb.
     0 | D:1      | Reached XP level 1. HP: 11/11 MP: 3/3
   136 | D:1      | Reached XP level 2. HP: 18/18 MP: 5/5
   151 | D:1      | Slain by a quokka

Illustrated notes

Levels and vault maps discovered:
D:1:      lemuel_arrival_river_bridge, layout_loops_ring

Action                   || total
-------------------------++-------
Melee: Dagger            ||    19
       Constrict         ||     4
       Tentacles         ||     2
 Stab: Sleeping          ||     2
Dodge: Dodged            ||    14

Table legend: (Time is in decaauts)
 A = Elapsed time spent in this place.
 B = Non-inter-level travel time spent in this place.
 C = Inter-level travel time spent in this place.
 D = Time resting spent in this place.
 E = Time spent auto-exploring this place.
 F = Levels seen in this place.
 G = Mean time per level.
                   A        B        C        D        E       F      G
               +--------+--------+--------+--------+--------+-----+--------+
         Total |    150 |    150 |      0 |     13 |     41 |   1 |  150.0 |
       Dungeon |    150 |    150 |      0 |     13 |     41 |   1 |  150.0 |
               +--------+--------+--------+--------+--------+-----+--------+

Top non-repeatable levels by time:
     D:1: 150 daAuts
